 Dungeon Crawl Stone Soup version 0.31-a0-699-g830162fb6c (webtiles) character file.

Game seed: 3884898067920615630

8875 qw the Skirmisher (level 11, 0/71 HPs)
             Began as a Gargoyle Hunter on Sept 7, 2023.
             Was a Priest of Okawaru.
             Killed from afar by a fire dragon (35 damage)
             ... with a blast of flame
             ... on level 10 of the Dungeon.
             The game lasted 00:04:18 (9208 turns).

qw the Skirmisher (Gargoyle Hunter)                 Turns: 9208, Time: 00:04:18

Health: 0/71       AC: 17    Str: 14    XL:     11   Next: 37%
Magic:  12/14      EV: 17    Int: 11    God:    Okawaru [***...]
Gold:   406        SH:  5    Dex: 17    Spells: 10/10 levels left

rFire   . . .        Y - +2 orcbow (freeze)
rCold   + . .        (shield currently unavailable)
rNeg    + . .        t - +2 leather armour {rC+}
rPois   inf          i - +1 helmet
rElec   +            (no cloak)
rCorr   .            o - +0 pair of gloves
SInv    +            (no boots)
Will    +....        m - amulet of reflection
Stlth   +++          j - ring of willpower
HPRegen 0.31/turn    u - ring of see invisible
MPRegen 0.14/turn

%: reflection
@: heroic
A: sickness immunity, AC +8, negative energy resistance 1, electricity
resistance, torment resistance 1, petrification resistance
a: Renounce Religion, Heroism


You were on level 10 of the Dungeon.
You worshipped Okawaru.
Okawaru was most pleased with you.
You visited 2 branches of the dungeon, and saw 11 of its levels.
You also visited: Sewer.

You collected 509 gold pieces.
You spent 103 gold pieces at shops.


Innate Abilities, Weirdness & Mutations

You are immune to sickness and miasma.
Your stone body is resilient. (AC +8)
You are immune to poison.
You resist negative energy. (rN+)
You are resistant to electric shocks. (rElec)
You are resistant to unholy torment.
You are immune to petrification.


   Skills:
 + Level 9.3(14.3) Fighting
 - Level 14.0(19.0) Ranged Weapons
 - Level 3.0(8.0) Armour
 - Level 4.6(9.6) Dodging
 - Level 1.1(6.1) Stealth
 - Level 4.1 Invocations


You had 10 spell levels left.
You didn't know any spells.
Your spell library was empty.

Inventory:

Hand Weapons
 Y - a +2 orcbow of freezing (weapon)
Armour
 i - a +1 helmet (worn)
 l - a +0 pair of boots
 o - a +0 pair of gloves (worn)
 q - a +2 robe of willpower
 s - a +0 leather armour of fire resistance
 t - a +2 leather armour of cold resistance (worn)
Jewellery
 f - a ring of ice
 j - a ring of willpower (left hand)
 m - an amulet of reflection (around neck)
 u - a ring of see invisible (right hand)
Scrolls
 a - 3 scrolls of identify
 d - a scroll of torment {unknown}
 h - 2 scrolls of teleportation
Potions
 b - 2 potions of might
 c - 3 potions of heal wounds
 e - 4 potions of enlightenment
 g - a potion of mutation
 k - 5 potions of curing
 n - a potion of cancellation

Dungeon Overview and Level Annotations

Branches:
Dungeon (10/15)            Temple (1/1) D:7            Lair (0/5) D:10
    Orc (0/2) D:10          Sewer (visited)

Altars:
Ashenzari
Cheibriados
Dithmenos
Elyvilon
Fedhas
Gozag
Hepliaklqana
Kikubaaqudgha
Makhleb
Nemelex Xobeh
Okawaru
Qazlal
Ru
Sif Muna
Trog
Uskayaw
Vehumet
Wu Jian
Xom
Yredelemnul
Zin
The Shining One

Shops:
D:1 (   D:10 [

Annotations:
D:5 Prince Ribbit
D:10 1 runed translucent door


Message History

A killer bee comes into view.
You shoot an arrow. The killer bee buzzes angrily.
The arrow hits the killer bee.
The arrow freezes the killer bee.
The killer bee is lightly wounded.
You shoot an arrow. The arrow hits the killer bee!
The arrow freezes the killer bee.
The killer bee is almost dead.
You shoot an arrow. The arrow barely misses the killer bee.
You shoot an arrow. The arrow hits the killer bee.
The arrow freezes the killer bee.
You kill the killer bee!
Okawaru accepts your kill.
You start resting.
HP restored.
Things that are here:
a killer bee corpse; a killer bee corpse You open the door.
There is an open door here.
You now have 400 gold pieces (gained 18).
You open the door.
There is an open door here.
You now have 406 gold pieces (gained 6).
You open the door.
A fire dragon comes into view.
The fire dragon breathes flames at you. The blast of flame hits you!!!
Ouch! That really hurt!
You hear two shouts!
9206 ||| INVOKING Heroism.
You gain the combat prowess of a mighty hero.
You shoot an arrow.
The arrow closely misses the fire dragon.
The orc knight shouts!
You shoot an arrow. The arrow hits the fire dragon!
The arrow freezes the fire dragon.
The fire dragon is moderately wounded.
The fire dragon breathes flames at you. The blast of flame hits you!!
You die...

.................
.....
....#####.########
.....
....#.............
..... ...
#...#'########
..... .. #...#..#
..... #.. #..#
..... #.. ##'#
..... #. #..#
..... #. #.@#
..... ##'# ...##
.D+ #..#o ######


You could see a fire dragon (catching breath) and an orc knight.

Vanquished Creatures
  2 two-headed ogres
  Sonja (D:10)
  A kobold demonologist (D:10)
  A hornet (D:7)
  A shadow (D:10)
  13 yaks
  A wyvern (D:7)
  An acid dragon (D:10)
  Menkaure (D:5)
  3 orc warriors
  3 black bears
  2 ice beasts (D:6)
  3 ogres (D:5)
  A centaur (D:7)
  A phantom (D:4)
  7 kobold brigands
  4 bullfrogs
  2 scorpions
  9 wights
  18 killer bees
  2 howler monkeys (D:9)
  3 hounds
  7 orc priests
  3 jellies
  Jessica (D:2)
  3 iguanas
  4 orc wizards
  7 gnolls
  2 river rats (Sewer)
  13 adders
  A shadow imp (D:5)
  3 white imps
  3 ufetubi
  3 worms
  2 dart slugs (D:2)
  33 orcs
  12 ball pythons
  11 endoplasms
  5 giant cockroaches
  8 goblins
  A hobgoblin (D:4)
  7 quokkas
  5 bats
  10 frilled lizards
  21 kobolds
  6 rats
  A spectral goblin (D:3)
252 creatures vanquished.

Vanquished Creatures (others)
  A kobold brigand (Sewer)
1 creature vanquished.

Grand Total: 253 creatures vanquished

Notes
Turn   | Place    | Note
-------+----------+-------------------------------------------
     0 | D:1      | qw the Gargoyle Hunter began the quest for the Orb.
     0 | D:1      | Reached XP level 1. HP: 12/12 MP: 1/1
     0 | D:1      | 0 ||| qw: Version: 0.3-a-76-g4403597
     0 | D:1      | 0 ||| qw: Game counter: 406
     0 | D:1      | 0 ||| qw: Melee chars always use a shield: true
     0 | D:1      | 0 ||| qw: God list: Okawaru
     0 | D:1      | 0 ||| qw: Allow faded altars: false
     0 | D:1      | 0 ||| qw: Do Orc after clearing Dungeon:15 true
     0 | D:1      | 0 ||| qw: Do second Lair branch before Depths: true
     0 | D:1      | 0 ||| qw: Lair rune preference: random
     0 | D:1      | 0 ||| qw: Goals: Normal
     0 | D:1      | 0 ||| PLANNING D:1-11
   251 | D:1      | Reached XP level 2. HP: 17/17 MP: 2/2
   579 | D:1      | Found Roic's Antique Weapon Shoppe.
   584 | D:1      | 584 ||| SHOPLISTING runed shortbow (126 gold, have 11).
   802 | D:1      | 802 ||| UPGRADING to ring of willpower.
   803 | D:1      | 803 ||| READING 4 scrolls labelled LEFAXK PATH.
   804 | D:1      | 804 ||| READING scroll labelled SYZUUNK AHIUNT.
   805 | D:1      | 805 ||| READING scroll labelled JAOG JELECW.
   806 | D:1      | 806 ||| READING 2 scrolls labelled BOIDUIDWUNN.
   810 | D:1      | 810 ||| READING scroll labelled HOTAOKUSTRO.
   810 | D:1      | Identified a scroll of acquirement
   810 | D:1      | 810 ||| ACQUIRING +5 shortbow of Dibolaos {antimagic,
                  | rElec}
   810 | D:1      | Acquired the +5 shortbow of Dibolaos {antimagic, rElec}
   812 | D:1      | 812 ||| SWAPPING to +5 shortbow of Dibolaos {antimagic,
                  | rElec}.
   813 | D:1      | 813 ||| DROPPING +0 shortbow.
   814 | D:1      | 814 ||| READING 3 scrolls of identify.
   814 | D:1      | 814 ||| IDENTIFYING lumpy grey potion
   815 | D:1      | 815 ||| READING 2 scrolls of identify.
   815 | D:1      | 815 ||| IDENTIFYING viscous silvery potion
   816 | D:1      | 816 ||| DROPPING scroll of butterflies.
   817 | D:1      | 817 ||| DROPPING potion of degeneration.
   856 | D:2      | 856 ||| FLEEEEING.
   857 | D:2      | 857 ||| STAIRDANCE
   865 | D:2      | Noticed Jessica
   866 | D:2      | 866 ||| Stepping ~*~*~tactically~*~*~ (outnumbered).
   869 | D:2      | Reached XP level 3. HP: 21/21 MP: 1/3
   893 | D:2      | Reached skill level 5 in Ranged Weapons
  1014 | D:2      | Killed Jessica
  1015 | D:2      | Reached skill level 3 in Fighting
  1015 | D:2      | Reached XP level 4. HP: 28/28 MP: 1/4
  1385 | D:2      | 1385 ||| DRINKING 2 bubbling orange potions.
  1386 | D:2      | 1386 ||| READING 2 scrolls of identify.
  1386 | D:2      | 1386 ||| IDENTIFYING fizzy silvery potion
  1483 | D:3      | Reached XP level 5. HP: 32/32 MP: 1/5
  1802 | D:3      | Found a faded altar of an unknown god.
  2221 | D:3      | 2221 ||| UPGRADING to +0 ring mail.
  2231 | D:3      | 2231 ||| DROPPING +0 leather armour.
  2232 | D:3      | 2232 ||| UPGRADING to +0 helmet.
  2237 | D:3      | 2237 ||| READING scroll labelled LEOROXT IZEOLA.
  2238 | D:3      | 2238 ||| READING scroll labelled ASOLLE ME QAU.
  2239 | D:3      | 2239 ||| DRINKING 2 glowing silvery potions.
  2415 | D:4      | 2415 ||| READING scroll of enchant armour.
  2415 | D:4      | 2415 ||| ENCHANTING +0 helmet.
  2449 | D:4      | Reached skill level 1 in Armour
  2505 | D:4      | Reached skill level 6 in Ranged Weapons
  2898 | D:4      | Reached XP level 6. HP: 38/38 MP: 2/6
  3366 | D:4      | 3366 ||| READING scroll labelled ZAFE JEATSUFOV.
  3367 | D:4      | 3367 ||| DRINKING 3 fuming cyan potions.
  3388 | D:5      | Entered Level 5 of the Dungeon
  3436 | D:5      | Reached skill level 7 in Ranged Weapons
  3442 | D:5      | Noticed Menkaure
  3443 | D:5      | 3443 ||| RETREATING.
  3446 | D:5      | 3446 ||| Stepping ~*~*~tactically~*~*~ (retreating).
  3454 | D:5      | Killed Menkaure
  3455 | D:5      | Reached XP level 7. HP: 17/43 MP: 2/7
  3771 | D:5      | Reached skill level 8 in Ranged Weapons
  3776 | D:5      | 3776 ||| FLEEEEING.
  3777 | D:5      | 3777 ||| FLEEEEING.
  4095 | D:5      | Found a sparkling altar of Nemelex Xobeh.
  4105 | D:5      | Reached skill level 3 in Armour
  4105 | D:5      | Reached XP level 8. HP: 49/49 MP: 2/8
  4194 | D:5      | Noticed Prince Ribbit
  4202 | D:5      | HP: 9/49 [Prince Ribbit (10)]
  4203 | D:5      | 4203 ||| READING 3 scrolls of teleportation.
  4204 | D:5      | 4204 ||| DRINKING 3 potions of heal wounds.
  4310 | D:5      | 4310 ||| UPGRADING to +0 leather armour of fire resistance.
  4320 | D:5      | 4320 ||| DROPPING +0 ring mail.
  4321 | D:5      | 4321 ||| UPGRADING to +2 leather armour of cold resistance.
  4331 | D:5      | 4331 ||| UPGRADING to amulet of reflection.
  4336 | D:5      | 4336 ||| UPGRADING to ring of see invisible.
  4337 | D:5      | 4337 ||| DRINKING 2 bubbling grey potions.
  4338 | D:5      | 4338 ||| READING 2 scrolls of identify.
  4338 | D:5      | 4338 ||| IDENTIFYING orange potion
  4339 | D:5      | 4339 ||| DROPPING potion of berserk rage.
  4340 | D:5      | 4340 ||| DROPPING potion of invisibility.
  4353 | D:6      | 4353 ||| PLANNING SEWER
  4406 | D:6      | Found a glowing drain.
  4417 | Sewer    | Entered a sewer
  4590 | Sewer    | Reached skill level 9 in Ranged Weapons
  4643 | Sewer    | 4643 ||| Stepping ~*~*~tactically~*~*~ (water).
  4666 | Sewer    | 4666 ||| Stepping ~*~*~tactically~*~*~ (water).
  4668 | Sewer    | 4668 ||| Stepping ~*~*~tactically~*~*~ (water).
  4756 | Sewer    | Reached skill level 6 in Fighting
  4900 | Sewer    | 4900 ||| Stepping ~*~*~tactically~*~*~ (water).
  4947 | Sewer    | 4947 ||| Stepping ~*~*~tactically~*~*~ (water).
  4975 | Sewer    | 4975 ||| READING scroll labelled SETIAQ TUEWK.
  4976 | Sewer    | 4976 ||| READING scroll labelled XIALOC BACS.
  4998 | D:6      | 4998 ||| PLANNING D:1-11
  5025 | D:6      | Found a radiant altar of Vehumet.
  5055 | D:6      | Reached XP level 9. HP: 55/55 MP: 3/9
  5091 | D:6      | Reached skill level 10 in Ranged Weapons
  5188 | D:6      | Reached skill level 3 in Dodging
  5223 | D:6      | 5223 ||| Stepping ~*~*~tactically~*~*~ (outnumbered).
  5225 | D:6      | 5225 ||| Stepping ~*~*~tactically~*~*~ (outnumbered).
  5429 | D:6      | Found a basalt altar of Yredelemnul.
  5518 | D:6      | 5518 ||| READING scroll labelled YPETRE FABBAE.
  5519 | D:6      | 5519 ||| READING 3 scrolls of identify.
  5519 | D:6      | 5519 ||| IDENTIFYING murky dark potion
  5520 | D:6      | 5520 ||| READING 2 scrolls of identify.
  5520 | D:6      | 5520 ||| IDENTIFYING green potion
  5521 | D:6      | 5521 ||| DROPPING potion of magic.
  5634 | D:7      | Found the +6 lightning scales {swift, rElec}
  5696 | D:7      | Found a staircase to the Ecumenical Temple.
  5697 | D:7      | 5697 ||| PLANNING TEMPLE
  5702 | D:7      | 5702 ||| Stepping ~*~*~tactically~*~*~ (water).
  5714 | Temple   | Entered the Ecumenical Temple
  5715 | Temple   | 5715 ||| PLANNING OKAWARU WORSHIP
  5724 | Temple   | Became a worshipper of Warmaster Okawaru
  5725 | Temple   | 5725 ||| PLANNING D:1-11
  5744 | D:7      | Noticed a hornet
  5757 | D:7      | Killed a hornet
  5794 | D:7      | Identified the +8 chain mail of Makhleb, Keeping {Dex+6}
  5865 | D:7      | Found a bloodstained altar of Trog.
  5886 | D:7      | 5886 ||| Stepping ~*~*~tactically~*~*~ (outnumbered).
  5891 | D:7      | Reached skill level 11 in Ranged Weapons
  5975 | D:7      | Found a flagged portal.
  6380 | D:7      | 6380 ||| READING 3 scrolls of identify.
  6380 | D:7      | 6380 ||| IDENTIFYING yellow potion
  6381 | D:7      | 6381 ||| DROPPING potion of attraction.
  6403 | D:8      | 6403 ||| STAIRDANCE
  6460 | D:8      | 6460 ||| STAIRDANCE
  6484 | D:7      | 6484 ||| SWAPPING to +0 orcbow.
  6540 | D:7      | 6540 ||| DROPPING +5 shortbow of Dibolaos {antimagic,
                  | rElec}.
  6541 | D:7      | 6541 ||| READING 2 scrolls of enchant weapon.
  6541 | D:7      | 6541 ||| ENCHANTING +0 orcbow.
  6542 | D:7      | 6542 ||| READING scroll of enchant weapon.
  6542 | D:7      | 6542 ||| ENCHANTING +1 orcbow.
  6574 | D:8      | 6574 ||| STAIRDANCE
  6666 | D:8      | 6666 ||| RETREATING.
  6673 | D:8      | 6673 ||| Stepping ~*~*~tactically~*~*~ (retreating).
  6674 | D:8      | 6674 ||| Stepping ~*~*~tactically~*~*~ (retreating).
  6675 | D:8      | 6675 ||| Stepping ~*~*~tactically~*~*~ (retreating).
  6676 | D:8      | 6676 ||| Stepping ~*~*~tactically~*~*~ (retreating).
  6677 | D:8      | 6677 ||| Stepping ~*~*~tactically~*~*~ (retreating).
  6678 | D:8      | 6678 ||| Stepping ~*~*~tactically~*~*~ (retreating).
  6693 | D:8      | HP: 14/59 [killer bee (6)]
  6694 | D:8      | Reached XP level 10. HP: 16/64 MP: 10/10
  6694 | D:8      | 6694 ||| READING 4 scrolls of teleportation.
  6695 | D:8      | 6695 ||| DRINKING 4 potions of heal wounds.
  6698 | D:8      | HP: 14/64 [killer bee (5)]
  6699 | D:8      | 6699 ||| DRINKING 3 potions of heal wounds.
  6708 | D:8      | Reached * piety under Okawaru
  6715 | D:8      | 6715 ||| INVOKING Heroism.
  6743 | D:8      | Reached skill level 12 in Ranged Weapons
  6743 | D:8      | 6743 ||| INVOKING Heroism.
  6752 | D:8      | HP: 15/64 [killer bee (3)]
  6753 | D:8      | 6753 ||| READING 3 scrolls of teleportation.
  6754 | D:8      | 6754 ||| DRINKING 2 potions of heal wounds.
  6872 | D:8      | Noticed a two-headed ogre
  6882 | D:8      | Killed a two-headed ogre
  6943 | D:8      | Reached skill level 1 in Invocations
  7288 | D:8      | 7288 ||| Stepping ~*~*~tactically~*~*~ (retreating).
  7454 | D:8      | 7454 ||| UPGRADING to +0 pair of gloves.
  7459 | D:8      | 7459 ||| READING scroll labelled MAVVOTA GUMYIPT.
  7460 | D:8      | 7460 ||| READING 3 scrolls of identify.
  7460 | D:8      | 7460 ||| IDENTIFYING fizzy inky potion
  7461 | D:8      | 7461 ||| DROPPING potion of lignification.
  7584 | D:9      | Found a glowing silver altar of Zin.
  7662 | D:9      | Found an ancient bone altar of Kikubaaqudgha.
  7879 | D:9      | 7879 ||| Stepping ~*~*~tactically~*~*~ (outnumbered).
  8002 | D:9      | Reached skill level 3 in Invocations
  8008 | D:9      | 8008 ||| RETREATING.
  8015 | D:9      | 8015 ||| Stepping ~*~*~tactically~*~*~ (retreating).
  8016 | D:9      | 8016 ||| Stepping ~*~*~tactically~*~*~ (retreating).
  8022 | D:9      | 8022 ||| Stepping ~*~*~tactically~*~*~ (retreating).
  8043 | D:9      | Reached ** piety under Okawaru
  8360 | D:10     | Entered Level 10 of the Dungeon
  8384 | D:10     | 8384 ||| INVOKING Heroism.
  8403 | D:10     | 8403 ||| FLEEEEING.
  8404 | D:10     | 8404 ||| FLEEEEING.
  8408 | D:10     | 8408 ||| FLEEEEING.
  8409 | D:10     | 8409 ||| FLEEEEING.
  8410 | D:10     | 8410 ||| FLEEEEING.
  8411 | D:10     | 8411 ||| FLEEEEING.
  8412 | D:10     | 8412 ||| FLEEEEING.
  8413 | D:10     | 8413 ||| STAIRDANCE
  8472 | D:10     | Reached skill level 13 in Ranged Weapons
  8474 | D:10     | 8474 ||| FLEEEEING.
  8475 | D:10     | 8475 ||| FLEEEEING.
  8483 | D:10     | 8483 ||| STAIRDANCE
  8554 | D:10     | 8554 ||| FLEEEEING.
  8555 | D:10     | 8555 ||| FLEEEEING.
  8556 | D:10     | 8556 ||| FLEEEEING.
  8557 | D:10     | 8557 ||| STAIRDANCE
  8629 | D:10     | Reached XP level 11. HP: 69/69 MP: 14/14
  8631 | D:10     | 8631 ||| INVOKING Heroism.
  8633 | D:10     | 8633 ||| Stepping ~*~*~tactically~*~*~ (outnumbered).
  8637 | D:10     | 8637 ||| Stepping ~*~*~tactically~*~*~ (outnumbered).
  8678 | D:10     | Found a staircase to the Lair.
  8735 | D:10     | Reached skill level 9 in Fighting
  8753 | D:10     | Found a staircase to the Orcish Mines.
  8767 | D:10     | Noticed a two-headed ogre
  8768 | D:10     | 8768 ||| INVOKING Heroism.
  8771 | D:10     | Killed a two-headed ogre
  8858 | D:10     | Found Vusmues's Antique Armour Shoppe.
  8861 | D:10     | 8861 ||| BUYING pair of boots (103 gold).
  8861 | D:10     | Bought a pair of boots for 103 gold pieces
  8869 | D:10     | Noticed Sonja
  8885 | D:10     | Killed Sonja
  8885 | D:10     | Reached *** piety under Okawaru
  8932 | D:10     | 8932 ||| RETREATING.
  8956 | D:10     | 8956 ||| INVOKING Heroism.
  9137 | D:10     | Reached skill level 14 in Ranged Weapons
  9205 | D:10     | Found a runed translucent door.
  9205 | D:10     | Noticed a fire dragon
  9206 | D:10     | 9206 ||| INVOKING Heroism.
  9206 | D:10     | Noticed an orc knight
  9208 | D:10     | Killed from afar by a fire dragon

Levels and vault maps discovered:
D:1:      erik_arrival_orb_chamber, layout_basic, serial_shops, shop,
          serial_bayou_pond_a, minmay_tromino_i2
D:2:      layout_loops_ring, uniq_jessica
D:3:      layout_loops_corners, dreamdust_ecumenical_altar_drowned_temple
D:4:      layout_layer_cave, saegor_snake_ambush
D:5:      layout_basic, nemelex_dance_club_becter, uniq_menkaure,
          uniq_prince_ribbit1
D:6:      layout_rooms, yredelemnul_altar_generic, fiery_altar_vehumet,
          cheibrodos_sewer_entry_drain, minmay_lizard_king
D:7:      layout_loops_ring, mainiacjoe_overflow_six_doors_small,
          minmay_temple_entry_mist, enter_bailey_7
D:8:      layout_basic, chequers_avenue
D:9:      layout_loops_corners, mainiacjoe_overflow_brackets,
          kiku_gazebo_garden_becter, minmay_misc_feat_four_crosses
D:10:     layout_irregular_city, grunt_lair_entry_orc_guard_hut, orc_0_dummy,
          serial_shops, kennysheep_mini, minivault_13, uniq_sonja
Temple:   compressed_dpeg_triangle_lava_temple

Skill      XL: |  1  2  3  4  5  6  7  8  9 10 11 |
---------------+----------------------------------+-----
Ranged Weapons | 5 6 7 8 9 11 13 14 | 14.0
Fighting       | 3 4 5 6 8 9 |  9.3
Armour         | 1 3 |  3.0
Dodging        | 2 3 4 |  4.6
Invocations    | 4 |  4.1
Stealth        | |  1.1

Action                     |  1- 3 |  4- 6 |  7- 9 | 10-12 || total
---------------------------+-------+-------+-------+-------++-------
   Fire: Shortbow          |    69 |   137 |   414 |       ||   620
         Orcbow            |       |       |    45 |   315 ||   360
 Invoke: Heroism           |       |       |       |     7 ||     7
    Use: Scroll            |     7 |     5 |    10 |     4 ||    26
         Potion            |       |     3 |     2 |     3 ||     8
 Armour: Leather armour    |    12 |     6 |   137 |   102 ||   257
         Ring mail         |       |    11 |    31 |       ||    42
  Dodge: Dodged            |     8 |    18 |   183 |   140 ||   349
  Block: Other             |       |       |    43 |    52 ||    95
         Reflection        |       |       |     3 |       ||     3

Table legend:
 A = Non-vault XP
 B = Vault XP
 C = Vault XP percentage of total XP
 D = Non-vault monster count
 E = Vault monster count
 F = Vault count percentage of total count
                 A         B        C        D         E       F
            +---------+---------+-------+---------+---------+-------
      Total |   10289 |    2390 |  18.9 |     196 |      57 |  22.5
            +---------+---------+-------+---------+---------+-------
        D:1 |      25 |       4 |  13.8 |      15 |       2 |  11.8
        D:2 |      83 |      37 |  30.8 |      24 |       1 |   4.0
        D:3 |      64 |       1 |   1.5 |      21 |       1 |   4.5
        D:4 |     260 |      13 |   4.8 |      17 |       1 |   5.6
        D:5 |     500 |     277 |  35.6 |      17 |       3 |  15.0
        D:6 |     978 |      51 |   5.0 |      20 |      12 |  37.5
        D:7 |    1181 |      58 |   4.7 |      18 |       4 |  18.2
        D:8 |    2700 |       0 |   0.0 |      23 |       0 |   0.0
        D:9 |    1402 |       0 |   0.0 |      13 |       0 |   0.0
       D:10 |    3096 |    1197 |  27.9 |      28 |       5 |  15.2
      Sewer |       0 |     752 | 100.0 |       0 |      28 | 100.0
            +---------+---------+-------+---------+---------+-------
